AoeStats
← 看到我请提醒我去学习

Oasis

509336032Analyzed
2v2 RM · 6d ago on Sep 26, 2026· 78m 3s· 4 players
Game mode
Random Map
Map size
Medium (4 player)
Population
200
Speed
Normal
Resources
Standard
Victory
Conquest
Starting age
Dark Age
Ending age
Imperial Age
RankedLock teamsTeams togetherTeam positionsShared explorationLock speedFull tech treeHidden civsTurbo modeCheats
Victory
Defeat
🇩🇪 Chinese · Germany
744
+16
🇧🇴 Teutons · Bolivia
719
+32
🇦🇺 Spanish · Australia
755
-19
731
-16
somerandomdude
9:11 Loom
10:56 Feudal Age
12:39 Double-Bit Axe
13:38 Horse Collar
18:38 Castle Age
24:19 Heavy Plow
25:11 Bow Saw
25:56 Gold Mining
25:56 Stone Mining
28:19 Stone Shaft Mining
34:31 Imperial Age
32:41 Bloodlines
32:32 Husbandry
32:55 Ballistics
32:33 Murder Holes
32:49 Masonry
32:51 Fortified Wall
33:22 Wheelbarrow
32:32 Town Watch
32:55 Scale Barding Armor
32:41 Fletching
33:50 Caravan
34:21 Coinage
36:01 Hoardings
35:37 Bodkin Arrow
35:55 Padded Archer Armor
37:50 Two-Man Saw
37:35 Fervor
37:43 Block Printing
37:53 Sanctity
37:39 Bracer
37:54 Leather Archer Armor
38:27 Conscription
38:47 Guilds
40:21 Ring Archer Armor
40:00 Thumb Ring
40:45 Hand Cart
42:14 Town Patrol
43:05 Elite Conquistador
44:27 Supremacy
52:16 Chemistry
51:48 Architecture
53:40 Cavalier
55:00 Forging
55:11 Chain Barding Armor
58:27 Iron Casting
58:27 Plate Barding Armor
64:47 Onager
68:07 Pikeman
69:52 Blast Furnace
68:52 Scale Mail Armor
71:19 Halberdier
72:00 Squires
71:46 Gambesons
74:28 Chain Mail Armor
74:09 Arson
看到我请提醒我去学习
0:44 Loom
10:52 Feudal Age
15:56 Castle Age
14:48 Double-Bit Axe
17:26 Bow Saw
16:59 Horse Collar
17:48 Stone Mining
21:57 Wheelbarrow
22:07 Town Watch
22:43 Gold Mining
23:43 Caravan
24:47 Heavy Plow
25:40 Hand Cart
26:29 Gold Shaft Mining
31:46 Imperial Age
29:58 Town Patrol
30:38 Squires
30:25 Arson
31:08 Thumb Ring
31:43 Masonry
31:54 Ballistics
32:20 Forging
32:01 Fletching
32:12 Padded Archer Armor
32:18 Scale Barding Armor
32:52 Ballistics
32:44 Fortified Wall
33:35 Chemistry
32:31 Murder Holes
33:06 Architecture
33:58 Two-Man Saw
33:07 Scale Barding Armor
33:38 Iron Casting
33:03 Scale Mail Armor
33:04 Padded Archer Armor
33:47 Coinage
34:51 Chain Barding Armor
34:47 Chain Mail Armor
34:27 Bodkin Arrow
34:45 Bloodlines
34:35 Husbandry
33:58 Heavy Rocket Cart
33:59 Heavy Scorpion
34:03 Elite Fire Lancer
34:04 Pikeman
34:06 Crossbowman
34:07 Elite Skirmisher
35:10 Conscription
35:51 Banking
34:52 Light Cavalry
34:55 Cavalier
35:34 Arrowslits
37:21 Arbalester
37:23 Halberdier
38:12 Bracer
38:27 Leather Archer Armor
38:43 Plate Mail Armor
39:14 Blast Furnace
38:50 Plate Barding Armor
37:42 Capped Ram
38:26 Devotion
38:30 Guard Tower
39:13 Bombard Tower
40:08 Keep
41:47 Rocketry
41:05 Elite Chu Ko Nu
42:59 Great Wall
44:24 Siege Ram
51:13 Sappers
Exponentielles Wachstum
11:20 Feudal Age
21:32 Castle Age
24:17 Stone Mining
25:23 Double-Bit Axe
26:15 Gold Mining
32:04 Imperial Age
30:42 Fletching
32:50 Bodkin Arrow
32:57 Padded Archer Armor
33:59 Chemistry
33:20 Ballistics
33:14 Bow Saw
32:47 Horse Collar
35:11 Wheelbarrow
35:24 Gold Shaft Mining
35:13 Leather Archer Armor
35:32 Bracer
37:03 Two-Man Saw
37:36 Heavy Plow
37:41 Caravan
37:38 Town Watch
38:11 Hand Cart
40:14 Ring Archer Armor
39:44 Murder Holes
40:00 Thumb Ring
40:44 Town Patrol
42:19 Stone Shaft Mining
41:24 Elite Chu Ko Nu
43:45 Rocketry
43:48 Conscription
44:56 Scale Barding Armor
45:03 Forging
45:07 Fortified Wall
45:40 Great Wall
45:27 Cavalier
46:08 Husbandry
46:19 Bloodlines
46:46 Chain Barding Armor
47:04 Iron Casting
48:30 Plate Barding Armor
48:59 Blast Furnace
59:16 Loom
cesar555545
10:22 Feudal Age
11:45 Horse Collar
11:54 Double-Bit Axe
16:47 Gold Mining
17:40 Bloodlines
20:29 Castle Age
18:49 Forging
18:46 Scale Mail Armor
19:05 Stone Mining
23:25 Heavy Plow
24:09 Bow Saw
27:39 Squires
30:04 Wheelbarrow
29:18 Town Watch
31:31 Ballistics
33:21 Stone Shaft Mining
34:49 Iron Casting
34:29 Chain Mail Armor
34:31 Caravan
35:30 Hand Cart
36:14 Town Patrol
39:41 Imperial Age
37:42 Masonry
38:35 Scale Barding Armor
39:32 Bloodlines
40:38 Chain Barding Armor
40:08 Arson
39:49 Elite Teutonic Knight
41:38 Chemistry
41:07 Conscription
41:34 Crop Rotation
42:30 Two-Man Saw
42:43 Blast Furnace
43:44 Hoardings
43:39 Crenellations
43:46 Ironclad
44:31 Plate Mail Armor
44:40 Cavalier
49:36 Plate Barding Armor
48:26 Paladin
49:10 Arrowslits
50:29 Guilds
50:50 Coinage
50:47 Fletching
51:11 Siege Engineers
52:01 Bombard Tower
53:52 Bodkin Arrow
Connection lost

Rejoining the realm…

Still unreachable

The connection could not be restored.

Session expired

The server has moved on; the page needs a fresh start.